cohdb
Replays
Latest Replays
All Replays
Popular Replays
Top Player Replays
Match Explorer
How It Works
Community
CoH3 Stats
Reddit
Sign in to upload your games and track your stats! →
Sign in with Steam
Match 42883477
Unlisted
Match 42883477
Overview
Messages
Build Orders
End
Panzergrenadier Squad
Panzergrenadier Squad
Construct Light Support Kompanie
MG34 Team
Selects Italian Infantry
Selects Italian Infantry
Selects Defensive Operations
2.5-tonne Medical Truck
Assault Mechanized Group
Selects Guastatori Squad
Selects L6/40 Light Tank Combat Group
L6/40 Light Tank Combat Group
Fire Support Elements
Pak 38 Anti-tank Gun Team
Construct Panzerarmee Kommand
Guastatori Squad
Selects Towed Cannone da 105/28 Field Howitzer
Towed Cannone da 105/28 Field Howitzer
Selects Prepared Positions
rockkiller31
-Caso-
MightyOstrich
BLACK.DRAGON
bakedtester
TheBigChief69
JVM
samurai.g
0
0
Comments
sign in to comment!
No comments posted yet!